 Dungeon Crawl Stone Soup version 0.29-a0-284-gf9362112df (webtiles) character file.

Game seed: 17813667462246711833

29 AttackTheMoon the Sneak (level 3, -3/24 HPs)
             Began as a Kobold Delver on Mar 25, 2022.
             Slain by an orc
             ... wielding a +0 morningstar
              (4 damage)
             ... on level 4 of the Dungeon on Mar 31, 2022.
             The game lasted 00:01:01 (54 turns).

AttackTheMoon the Sneak (Kobold Delver)               Turns: 54, Time: 00:01:01

Health: -3/24      AC:  3    Str:  9    XL:     3   Next: 32%
Magic:  3/3        EV: 15    Int: 11    God:
Gold:   0          SH:  0    Dex: 18    Spells: 2/2 levels left

rFire   . . .      SeeInvis .   a - +0 short sword
rCold   . . .      Faith    .   (no shield)
rNeg    . . .      Spirit   .   b - +0 leather armour
rPois   .          Reflect  .   (no helmet)
rElec   .          Harm     .   (no cloak)
rCorr   .          Rampage  .   (no gloves)
Will    .....                   (no boots)
Stlth   ++++......              (no amulet)
HPRegen 0.08/turn               (no ring)
MPRegen 0.08/turn               (no ring)

@: lethally poisoned (-3 -> -10)
A: small, no large weapons, nightstalker 3
a: no special abilities


You were on level 4 of the Dungeon.
You visited 1 branch of the dungeon, and saw 2 of its levels.

Inventory:

Hand Weapons
 a - a +0 short sword (weapon)
Missiles
 i - 3 boomerangs (quivered)
Armour
 b - a +0 leather armour (worn)
Wands
 g - a wand of digging (3)
Scrolls
 c - a scroll of fog
 d - a scroll of magic mapping
 e - a scroll of fear
Potions
 f - a potion of haste


   Skills:
 + Level 3.6 Fighting
 + Level 3.3 Short Blades
 + Level 3.0 Dodging
 + Level 6.9 Stealth


You had 2 spell levels left.
You didn't know any spells.
Your spell library was empty.

Dungeon Overview and Level Annotations

Branches:
Dungeon (5/15)
 Temple: D:4-7

Altars:


Innate Abilities, Weirdness & Mutations

You are small and have problems with some larger weapons.
You are completely attuned to the shadows.


Message History

A hound comes into view.
The helpless hound fails to defend itself.
You impale the hound!!
You kill the hound!
Your Short Blades skill increases to level 3!
Your Dodging skill increases to level 3!
You have reached level 2!
You have reached level 3!
Your experience leads to an increase in your attributes!
Increase (S)trength, (I)ntelligence, or (D)exterity?
You feel agile. x2
An orc comes into view. It is wielding a +0 morningstar.
An orc comes into view. It is wielding a +2 trident of venom.
The orc shouts! x2; You hear a shout! x3
An orc and an orc wizard come into view.
The orc hits you with a +0 morningstar.
The orc wizard gestures wildly while chanting.
The orc wizard flickers and vanishes!
Deactivating autopickup; reactivate with Ctrl-A.
The orc hits you from afar with a +2 trident of venom.
You are poisoned.
As you read the scroll labelled NEPUYRYOBI, it crumbles to dust.
It is a scroll of identify.
You don't have any unidentified items.
You feel very sick.
The orc hits you from afar with a +2 trident of venom!
* * * LOW HITPOINT WARNING * * *
The orc barely misses you.
Unknown command.
Welcome back, AttackTheMoon the Kobold Delver.
Press ? for a list of commands and other information.
The orc attacks as you move away! The orc barely misses you.
Found a stone staircase leading up.
* * * LOW HITPOINT WARNING * * *
You feel very sick. The orc closely misses you.
* * * LOW HITPOINT WARNING * * *
You feel sick. The orc attacks as you move away!
The orc hits you with a +0 morningstar.
You die...

##..#..#
##..###.# #..##
#.# ######..#
##.#
........###.##
............####
...............#
............o....
..........@oo....
.................
.................
...............<
...............
............
............
............
...........


You could see 3 orcs.

Vanquished Creatures
  A hound (D:4)
1 creature vanquished.

Notes
Turn   | Place    | Note
-------+----------+-------------------------------------------
     0 | D:5      | AttackTheMoon the Kobold Delver began the quest for the
                  | Orb.
     0 | D:5      | Reached XP level 1. HP: 14/14 MP: 1/1
    23 | D:4      | Noticed a hound
    27 | D:4      | Killed a hound
    28 | D:4      | Reached XP level 2. HP: 20/20 MP: 2/2
    28 | D:4      | Reached XP level 3. HP: 24/24 MP: 3/3
    53 | D:4      | HP: 1/24 [poisoned by an orc]
    54 | D:4      | Slain by an orc

Illustrated notes

Levels and vault maps discovered:
D:4:      layout_layer_cave, minivault_25
D:5:      layout_cave_pods, minmay_temple_entry_offerings, serial_shops,
          nicolae_shop_competitors_out_of_business, serial_park_tiny_2,
          uniq_ijyb

Skill      XL: |  1 |
---------------+----+-----
Short Blades   | 3 |  3.3
Dodging        | 3 |  3.0
Fighting       | |  3.6
Stealth        | |  6.9

Action                   || total
-------------------------++-------
Melee: Short sword       ||     1
  Use: Scroll            ||     1
 Stab: Sleeping          ||     1
Dodge: Dodged            ||     3

Table legend: (Time is in decaauts)
 A = Elapsed time spent in this place.
 B = Non-inter-level travel time spent in this place.
 C = Inter-level travel time spent in this place.
 D = Time resting spent in this place.
 E = Time spent auto-exploring this place.
 F = Levels seen in this place.
 G = Mean time per level.
                   A        B        C        D        E       F      G
               +--------+--------+--------+--------+--------+-----+--------+
         Total |     53 |     53 |      0 |      0 |     26 |   2 |   26.5 |
       Dungeon |     53 |     53 |      0 |      0 |     26 |   2 |   26.5 |
               +--------+--------+--------+--------+--------+-----+--------+

Top non-repeatable levels by time:
     D:4: 37 daAuts
     D:5: 16 daAuts
